Map: Ulzaan

Players

Seph - Winner!

  • Race: Zerg Zerg
  • League: Bronze
  • Spawn Location: 1:00

gujoe - Winner!

  • Race: Protoss Protoss
  • League: Bronze
  • Spawn Location: 3:00

oscar

  • Race: Terran Terran
  • Spawn Location: 11:00

ETERNY

  • Race: Terran Terran
  • Spawn Location: 9:00

VOD

Have the link to the VOD?

Description

Time

  • Played on: Feb. 15, 2019, 6:55 p.m.
  • Length: 10:38
Show
View Real Time Build Order
Export as new Build Order

Seph Zerg - Winner!

Build Orders: Pool First 

Get SALT Encoding   

  12  0:21  Spawning Pool  
  11  0:48  Hatchery  
  10  0:54  Drone  
  11  1:01  Drone  
  12  1:06  Extractor  
  12  1:09  Drone  
  12  1:12  Drone  
  13  1:18  Drone  
  14  1:29  Overlord  
  14  1:51  Queen  
  16  1:59  Overlord  
  16  2:13  Drone x3  
  19  2:16  Drone x2  
  21  2:24  Queen  
  21  2:29  Drone  
  24  2:40  Lair  
  24  2:48  Drone x2  
  26  2:52  Drone  
  27  3:03  Extractor  
  27  3:05  Drone x3  
  29  3:08  Drone  
  29  3:12  Drone x2  
  32  3:17  Extractor  
  31  3:21  Extractor, Drone  
  32  3:27  Drone x2  
  33  3:40  Drone x2  
  35  3:43  Drone  
  35  3:46  Overlord x2  
  36  4:01  Spire  
  35  4:07  Drone x2  
  35  4:08  Infestation Pit  
  36  4:14  Drone  
  37  4:17  Overlord  
  37  4:20  Overlord  
  37  4:37  Evolution Chamber, Drone  
  37  4:40  Drone  
  37  4:41  Drone x2  
  40  4:49  Hive  
  40  4:55  Drone x2  
  40  4:56  Drone  
  43  5:06  Zerg Missile Weapons Level 1  
  43  5:15  Zerg Flyer Armor Level 1  
  43  5:18  Corruptor x2  
  47  5:54  Overlord x2  
  68  6:13  Zergling x10  
  73  6:20  Burrow  
  71  6:49  Corruptor x4  
  71  6:50  Corruptor x2  
  83  8:35  Overlord x6  
  83  8:36  Overlord x2  
  83  9:40  Mutalisk x2  
  83  9:41  Mutalisk x4  
Show
View Real Time Build Order
Export as new Build Order

gujoe Protoss - Winner!

Build Orders: 1 Gate Expand 

Get SALT Encoding   

  12  0:01  Probe  
  13  0:13  Probe  
  14  0:25  Probe  
  14  0:28  Pylon  
  15  0:46  Probe  
  16  0:50  Gateway  
  16  1:08  Nexus  
  16  1:12  Probe  
  17  1:18  Assimilator  
  17  1:38  Forge  
  17  1:41  Gateway  
  17  1:47  Zealot  
  19  1:52  Probe  
  20  2:04  Probe  
  21  2:09  Cybernetics Core  
  21  2:15  Pylon  
  21  2:16  Probe  
  22  2:25  Assimilator  
  22  2:50  Warp Gate  
  22  2:56  Probe  
  22  2:59  Twilight Council  
  22  3:04  Probe  
  23  3:08  Probe  
  25  3:14  Probe, Assimilator  
  26  3:20  Probe  
  27  3:32  Probe  
  28  3:44  Probe  
  29  3:53  Gateway  
  29  3:55  Gateway  
  29  3:56  Probe  
  29  3:57  Gateway  
  29  3:58  Pylon  
  29  4:00  Gateway, Pylon  
  30  4:05  Assimilator  
  30  4:08  Probe  
  31  4:19  Probe  
  32  4:27  Probe  
  33  4:35  Probe  
  33  4:38  Pylon  
  33  4:41  Pylon  
  34  4:47  Probe  
  35  4:58  Zealot x3  
  35  4:59  Zealot x2, Probe  
  46  5:21  Zealot x4  
  48  5:22  Zealot  
  48  7:28  Pylon x2  
  48  7:29  Pylon  
  48  7:32  Gateway  
  48  7:34  Gateway  
  48  7:37  Gateway x2  
  48  7:39  Gateway x2  
  48  8:08  Zealot x3  
  54  8:40  Zealot x5  
  54  8:41  Zealot  
  66  8:49  Pylon  
  66  8:55  Zealot x2  
  70  9:22  Twilight Council  
  70  9:29  Zealot  
  70  9:30  Zealot x3  
Show
View Real Time Build Order
Export as new Build Order

oscar Terran 

Build Orders:  

Get SALT Encoding   

  12  0:05  SCV  
  13  0:24  Supply Depot  
  13  0:30  SCV  
  13  0:31  Supply Depot  
  14  0:39  Refinery  
  14  0:52  SCV  
  15  1:02  Supply Depot  
  15  1:04  SCV  
  16  1:16  SCV  
  17  1:24  Barracks  
  17  1:39  Engineering Bay  
  17  2:00  SCV  
  18  2:12  SCV  
  19  2:24  SCV  
  20  2:36  SCV  
  21  2:44  Sensor Tower  
  21  2:48  SCV  
  22  2:55  Refinery, Marine  
  23  3:06  SCV  
  24  3:13  Marine  
  24  3:18  SCV  
  26  3:30  SCV, Marine  
  28  3:43  SCV  
  29  3:48  Marine  
  29  3:49  Factory  
  30  4:06  Marine  
  31  4:11  SCV  
  32  4:23  SCV  
  33  4:34  Command Center  
  33  4:35  Barracks Tech Lab, SCV  
  34  4:38  Factory Tech Lab  
  34  4:48  SCV  
  35  5:00  SCV  
  36  5:12  SCV  
  37  5:24  SCV  
  38  5:39  Command Center, Marine  
  39  5:45  Siege Tank  
  39  5:48  SCV  
  43  5:57  Marine  
  43  6:00  SCV x2, Supply Depot  
  46  6:10  Refinery  
  46  6:12  SCV x2  
  46  6:14  Marine  
  46  6:18  Hellion  
  51  6:24  SCV x2  
  53  6:32  Marine  
  51  6:36  SCV  
  51  6:38  Starport  
  51  6:39  Hellion  
  51  6:44  Barracks  
  42  6:48  SCV  
  42  6:50  Marine  
  33  7:00  SCV, Hellion  
  31  7:08  Marine  
  25  7:12  SCV  
  14  7:22  Hellion  
  13  7:26  Marine  
  10  7:36  Reaper  
  10  7:39  Viking  
  10  7:44  Marine  
  13  7:47  Barracks  
  13  7:52  Barracks  
  13  7:53  SCV  
  10  8:05  SCV  
  11  8:07  Supply Depot  
  11  8:08  Reaper  
  11  8:09  Viking  
  15  8:17  SCV  
  9  8:29  SCV  
  10  8:34  SCV  
  10  8:39  Viking  
  10  8:40  Marine  
  10  8:41  SCV, Marine  
  13  8:46  SCV  
  11  8:57  Marine  
Show
View Real Time Build Order
Export as new Build Order

ETERNY Terran 

Build Orders:  

Get SALT Encoding   

  12  0:04  SCV  
  13  0:15  Supply Depot  
  13  0:20  SCV  
  14  0:35  SCV  
  15  0:45  Barracks  
  15  0:51  SCV  
  15  0:55  Refinery  
  16  1:00  Refinery  
  16  1:03  SCV  
  17  1:15  SCV  
  18  1:27  SCV  
  19  1:39  SCV  
  20  1:41  Barracks  
  20  1:42  Marine  
  21  1:51  SCV  
  22  1:59  Marine  
  23  2:31  Supply Depot  
  23  2:33  Barracks Tech Lab  
  23  2:37  Barracks Reactor  
  23  2:52  Marine  
  23  2:54  Combat Shield, Supply Depot  
  25  3:18  Supply Depot  
  25  3:19  Marine  
  25  3:20  Marine  
  25  3:25  Marauder  
  28  3:37  Marine x2  
  30  3:42  Factory  
  30  3:46  Marauder  
  32  3:55  Marine x2  
  34  4:12  Concussive Shells  
  34  4:13  Marine x2  
  34  4:14  Marauder  
  38  4:30  Starport  
  38  4:58  Command Center  
  38  5:09  Starport  
  38  6:03  Command Center  
Tags
 
Add a new tag
Caveats
  • Supply blocks, unpowered buildings, or Contaminate may cause inaccurate times.
  • Supply counts are checked every 10 seconds.